 Dungeon Crawl Stone Soup version 0.16.1-28-gcc2312f (webtiles) character file.

511 sqallbeste the Cleaver (level 7, -16/64 HPs)
             Began as a Hill Orc Berserker on June 4, 2015.
             Was a Follower of Trog.
             Demolished by an ogre
             ... wielding a +0 giant spiked club
              (20 damage)
             ... while paralysed
             ... on level 6 of the Dungeon.
             The game lasted 00:14:45 (4662 turns).

sqallbeste the Cleaver (Hill Orc Berserker)         Turns: 4662, Time: 00:14:45

Health: -16/64     AC:  2    Str: 22    XL:     7   Next: 19%
Magic:  7/7        EV:  2    Int:  7    God:    Trog [*.....]
Gold:   258        SH:  0    Dex: 10    Spells: 0 memorised, 6 levels left

rFire  . . .     SeeInvis .     a - +0 hand axe
rCold  . . .     Clarity  .     r - +0 robe
rNeg   . . .     SustAb   .     (no shield)
rPois  +         Gourm    .     w - +0 hat
rElec  .         Spirit   .     (no cloak)
rCorr  .         Warding  .     (no gloves)
rMut   .         Stasis   .     (no boots)
MR     +....                    (no amulet)
Stlth  +.........               y - ring of poison resistance
                                m - ring of protection from magic

@: paralysed, exhausted, very slightly contaminated, hasted and slowed, drained,
somewhat resistant to hostile enchantments, very unstealthy
A: no striking features
a: Burn Spellbooks, Berserk, Renounce Religion


You were on level 6 of the Dungeon.
You worshipped Trog.
Trog was aware of your devotion.
You were very hungry.

You visited 1 branch of the dungeon, and saw 6 of its levels.
You also visited: Sewer.

You collected 258 gold pieces.

Inventory:

Hand weapons
 a - a +0 hand axe (weapon)
 l - a +1 flail of protection
Armour
 b - a +0 animal skin
 r - a +0 robe (worn)
 w - a +0 hat (worn)
Jewellery
 m - a ring of protection from magic (left hand)
 s - a +3 ring of intelligence
 y - a ring of poison resistance (right hand)
Magical devices
 o - a wand of paralysis (12)
 t - a wand of confusion (11)
 A - a wand of polymorph (15)
Scrolls
 d - 2 scrolls of blinking
 g - a scroll of random uselessness
 k - 4 scrolls of identify
 p - a scroll of teleportation
 q - 2 scrolls of remove curse
Potions
 e - a potion of resistance
 i - a potion of brilliance
 j - 2 potions of haste
 n - a potion of berserk rage
 v - a potion of cure mutation {unknown}
 x - a potion of invisibility
 z - a potion of heal wounds
Books
 B - a book of the Sky

   Spells                             Type                      Level
   a - Flight                         Charms/Air                   3
   b - Airstrike                      Air                          4
   c - Silence                        Hexes/Air                    5
   d - Deflect Missiles               Charms/Air                   6
   e - Conjure Ball Lightning         Conjuration/Air              6
   f - Tornado                        Air                          9
   Trog disapproves of the use of such an item.
Comestibles
 c - 2 meat rations
 f - 3 fruits
 h - 3 bread rations
 u - 2 beef jerkies


   Skills:
 + Level 6.6(6.2) Fighting
 * Level 8.4(8.0) Axes
 + Level 2.5(2.3) Armour
 - Level 1.5(1.2) Dodging


You had 6 spell levels left.
You didn't know any spells.

Dungeon Overview and Level Annotations

Branches:
Dungeon (6/15)             Temple (0/1) D:4

Altars:
Ashenzari
Gozag


Message History

You feel yourself moving faster!
You feel mighty!
You are feeling hungry.
The ogre misses you. The wight hits you with a short sword!
* * * LOW HITPOINT WARNING * * *
You feel drained.
* * * LOW HITPOINT WARNING * * *
Unknown command.
Unknown command.
You are too berserk!
You feel a strong urge to attack something.
A wight comes into view. It is wielding a great sword.
The crimson imp barely misses you.
You feel your anger subside.
You are no longer berserk.
You pass out from exhaustion.
You feel yourself slow down.
You are feeling very hungry.
The crimson imp blinks!
The ogre hits you with a giant spiked club!!
You die...

z# .# ..# .#... ###+#..#
.#...... .$z.. .(#.......
#########z####..#.......
.........ยง......#......#
...>....Oz......#.....
.........@.....5#...#
###+#######<#####...#
.................#
.................#
......##.######.## .....
#........# ....
#.......#.. ..
+.......+...
#.......#...#


You could see an ogre, 3 wights and a crimson imp.

Vanquished Creatures
  A big kobold (Sewer)
  A crimson imp (D:5)
  An orc priest (D:4)
  A giant frog zombie (D:5)
  2 hounds
  2 orc wizards
  3 worker ants
  3 adders
  A river rat (Sewer)
  A giant mite (D:5)
  2 worms
  A giant gecko (D:3)
  3 oozes
  10 orcs
  4 giant cockroaches
  7 goblins
  11 hobgoblins
  8 jackals
  3 ball pythons
  11 bats
  A giant gecko skeleton (D:5)
  5 giant newts
  12 kobolds
  A quokka (D:6)
  18 rats
113 creatures vanquished.

Notes
Turn   | Place    | Note
--------------------------------------------------------------
     0 | D:1      | sqallbeste, the Hill Orc Berserker, began the quest for the Orb.
     0 | D:1      | Reached XP level 1. HP: 19/19 MP: 1/1
   249 | D:1      | Reached XP level 2. HP: 20/27 MP: 2/2
   427 | D:1      | Acquired Trog's second power
  1229 | D:2      | Reached XP level 3. HP: 33/33 MP: 3/3
  1710 | D:2      | Found an opulent altar of Gozag.
  2054 | D:3      | Reached skill level 5 in Axes
  2054 | D:3      | Reached XP level 4. HP: 36/41 MP: 4/4
  2294 | D:3      | Found a shattered altar of Ashenzari.
  2480 | D:3      | Reached skill level 5 in Fighting
  2955 | D:4      | Found a staircase to the Ecumenical Temple.
  2976 | D:4      | Reached XP level 5. HP: 27/48 MP: 5/5
  2992 | D:4      | Reached skill level 6 in Axes
  3464 | D:5      | Entered Level 5 of the Dungeon
  3511 | D:5      | Reached XP level 6. HP: 35/57 MP: 6/6
  3540 | D:5      | Reached skill level 7 in Axes
  3568 | D:5      | Found a glowing drain.
  3592 | Sewer    | Entered a sewer
  4041 | D:5      | Reached skill level 8 in Axes
  4041 | D:5      | Reached XP level 7. HP: 28/64 MP: 7/7
  4658 | D:6      | HP: 4/96 [wight/short sword (2)]
  4662 | D:6      | Demolished by an ogre

Action                   |  1- 3 |  4- 6 |  7- 9 || total
-------------------------+-------+-------+-------++-------
Melee: Hand axe          |   115 |   273 |    37 ||   425
Invok: Berserk           |     1 |     2 |     1 ||     4
       Trog's Hand       |     1 |    13 |       ||    14
  Use: Scroll            |     5 |     6 |       ||    11
       Potion            |     3 |     4 |     1 ||     8
 Stab: Sleeping          |       |     1 |       ||     1
  Eat: Meat ration       |     1 |     1 |       ||     2
       Chunk             |       |     4 |     1 ||     5
       Fruit             |       |     2 |     1 ||     3
